 Dungeon Crawl Stone Soup version 0.23.1-37-gaa34b87 (webtiles) character file.

Game seed: 15489777629316762154

46 esteth the Magician (level 3, 0/21 HPs)
             Began as an Octopode Wizard on Mar 24, 2019.
             Succumbed to an adder's poison
             ... on level 1 of the Dungeon.
             The game lasted 00:03:07 (1740 turns).

esteth the Magician (Octopode Wizard)               Turns: 1740, Time: 00:03:07

Health: 0/21       AC:  1    Str:  6    XL:     3   Next: 66%
Magic:  7/8        EV: 13    Int: 26    God:
Gold:   55         SH:  2    Dex: 10    Spells: 4/9 levels left

rFire    . . .     SeeInvis .   g - +0 dagger
rCold    . . .     Gourm    .   (no shield)
rNeg     . . .     Faith    .   a - +0 hat
rPois    .         Spirit   .   j - +2 amulet of reflection
rElec    .         Reflect  +   h - ring of wizardry
rCorr    .         Harm     .   (no ring)
MR       .....                  (no ring)
Stlth    +++.......             (no ring)
HPRegen  0.07/turn              (no ring)
MPRegen  0.11/turn              (no ring)
                                (no ring)
                                (no ring)

@: brilliant, lethally poisoned (0 -> -8), berserk cooldown, very slightly
contaminated, slowed, very slow
A: almost no armour, stealthy swim, amphibious, 8 rings, constrict 8, camouflage
1, gelatinous body 1
a: no special abilities


You were on level 1 of the Dungeon.
You were not hungry.

You visited 1 branch of the dungeon, and saw 2 of its levels.

You collected 55 gold pieces.

Inventory:

Hand Weapons
 g - a +0 dagger (weapon)
Armour
 a - a +0 hat (worn)
Jewellery
 h - a ring of wizardry (left tentacle)
 j - a +2 amulet of reflection (around mantle)
Scrolls
 d - a scroll of teleportation {unknown}
 e - a scroll of identify
 i - a scroll of amnesia {unknown}
 k - a scroll of remove curse {unknown}
 l - a scroll of random uselessness {unknown}
Comestibles
 c - 2 rations


   Skills:
 - Level 2.0 Dodging
 - Level 3.3 Stealth
 + Level 3.6 Spellcasting
 + Level 2.2 Conjurations
 - Level 1.0 Summonings
 - Level 1.0 Translocations


You had 4 spell levels left.
You knew the following spells:

 Your Spells              Type           Power        Failure   Level  Hunger
a - Magic Dart            Conj           ####         1%          1    None
b - Blink                 Tloc           N/A          1%          2    #......
c - Call Imp              Summ           ####....     1%          2    #......

Your spell library contained the following spells:

 Spells                   Type           Power        Failure   Level  Hunger
 Slow                     Hex            ###.....     1%          2    #......
 Conjure Flame            Conj/Fire      ####....     2%          3    ##.....
 Mephitic Cloud           Conj/Pois/Air  ###.....     2%          3    ##.....


Dungeon Overview and Level Annotations

Branches:
Dungeon (2/15)

Altars:


Innate Abilities, Weirdness & Mutations

You cannot wear most types of armour.
You are very stealthy in the water. (Stealth+)
You are amphibious.
You can wear up to eight rings at the same time.
You can use your tentacles to constrict eight enemies at once.
Your skin changes colour to match your surroundings (Stealth+).
Your rubbery body absorbs attacks. (AC +1, EV +1)


Message History

* * * LOW HITPOINT WARNING * * *
You feel sick.
You feel a strong urge to attack something.
* * * LOW HITPOINT WARNING * * *
You feel sick.
* * * LOW HITPOINT WARNING * * *
You feel sick.
You feel your anger nearly subside.
You are no longer berserk.
You are exhausted.
You feel yourself slow down.
It was a potion of brilliance.
You feel clever all of a sudden.
* * * LOW HITPOINT WARNING * * *
You feel sick.
There is a lethal amount of poison in your body!
* * * LOW HITPOINT WARNING * * *
You feel sick.
* * * LOW HITPOINT WARNING * * *
You feel sick.
You die...

#..........# #######...#
#.########.# #.....>.#.# ##
#.# #.# #.#####...# .# #.#
###.######.## ##.## .# #.#
####...........### #.#
.######.#
#................###.#
.....##.#
#.##.#.###.##.###.##.#
.###.##.# #.##.#.# #....#
#....# .###.##.###.##.#@#
####.###.####
....)...)......†.#######...##
.###.##.###.##.......[†...##
## #.##......#######.####.# #
#.######..# #.####.# ####.#
##.# #####.#.♣≈.#######
.....# #.# #≈##≈.#.≈.......).
###### #.# #.#≈♣.≈≈♣..#######
# #.# #♣≈≈≈≈.≈≈≈≈### #


There were no monsters in sight!

Vanquished Creatures
  An adder (D:1)
  A dart slug (D:1)
  A leopard gecko (D:1)
  2 bats (D:1)
  A giant cockroach (D:1)
  5 goblins (D:1)
  2 hobgoblins (D:1)
  6 jackals (D:1)
  A ball python (D:1)
  A frilled lizard (D:1)
  5 kobolds (D:1)
  4 rats (D:1)
30 creatures vanquished.

Notes
Turn   | Place    | Note
-------+----------+-------------------------------------------
     0 | D:1      | esteth the Octopode Wizard began the quest for the Orb.
     0 | D:1      | Reached XP level 1. HP: 11/11 MP: 4/4
   657 | D:1      | Reached XP level 2. HP: 17/17 MP: 4/6
  1014 | D:1      | Learned a level 2 spell: Blink
  1017 | D:1      | Learned a level 2 spell: Call Imp
  1156 | D:1      | Reached XP level 3. HP: 14/21 MP: 1/7
  1739 | D:1      | HP: 1/21 [poisoned by an adder]
  1740 | D:1      | Succumbed to an adder's poison

Skill      XL: |  1  2  3 |
---------------+----------+-----
Stealth        | 3 |  3.3
Conjurations   | 2 |  2.2
Dodging        | |  2.0
Spellcasting   | |  3.6
Summonings     | |  1.0
Translocations | |  1.0

Action                   || total
-------------------------++-------
Melee: Unarmed           ||    14
       Constrict         ||     9
       Tentacles         ||     4
       Dagger            ||    30
 Cast: Magic Dart        ||    56
  Use: Scroll            ||     1
       Potion            ||     2
 Stab: Sleeping          ||     1
  Eat: Chunk             ||     2
Armor: Skin              ||     4
Dodge: Dodged            ||    26
Block: Other             ||     1
